Map: Year Zero LE

Players

ZaZen - Winner!

  • Race: Protoss Protoss
  • League: Silver
  • Spawn Location: 11:00

SiRImpacts

  • Race: Zerg Zerg
  • League: Gold
  • Spawn Location: 1:00

VOD

Have the link to the VOD?

Description

Time

  • Played on: May 18, 2019, 6:14 p.m.
  • Length: 13:23
Show
View Real Time Build Order
Export as new Build Order

ZaZen Protoss - Winner!

Build Orders: 1 Gate Expand 

Get SALT Encoding   

  12  0:01  Probe  
  13  0:13  Probe  
  14  0:20  Pylon  
  14  0:23  Probe  
  15  0:35  Probe  
  16  0:43  Gateway  
  16  0:47  Assimilator  
  16  0:48  Probe  
  17  1:00  Probe  
  18  1:20  Probe  
  19  1:27  Nexus  
  19  1:43  Cybernetics Core  
  20  1:47  Probe  
  20  1:48  Assimilator  
  20  2:14  Pylon  
  20  2:18  Adept  
  22  2:24  Robotics Facility  
  22  2:31  Warp Gate  
  22  2:44  Gateway  
  22  3:11  Shield Battery  
  22  3:13  Pylon  
  22  3:29  Pylon  
  22  3:40  Gateway  
  22  3:47  Stalker  
  24  3:51  Warp Prism  
  24  3:55  Gateway  
  26  4:06  Probe  
  27  4:18  Probe  
  28  4:31  Stalker  
  30  4:51  Nexus  
  30  4:54  Pylon  
  30  4:56  Probe  
  31  5:04  Pylon  
  31  5:12  Probe  
  32  5:16  Stalker x2  
  36  5:25  Gateway  
  36  5:27  Gateway  
  36  5:44  Stalker  
  36  5:45  Stalker  
  40  6:03  Immortal  
  40  6:09  Probe x2  
  46  6:21  Probe  
  47  6:33  Probe x2  
  49  6:40  Gateway  
  49  6:41  Probe x2  
  51  6:49  Probe x2  
  53  6:54  Sentry x2  
  53  6:56  Stalker  
  59  7:05  Robotics Bay  
  59  7:19  Probe x2  
  59  7:20  Pylon  
  61  7:32  Probe  
  62  7:38  Probe  
  62  7:40  Pylon  
  62  7:41  Stalker x2  
  62  7:42  Stalker  
  70  7:44  Probe  
  70  7:57  Pylon  
  70  7:58  Probe x2  
  72  8:03  Stalker  
  60  8:20  Stalker x2  
  58  8:49  Twilight Council, Forge  
  58  8:50  Probe  
  58  8:51  Probe, Forge  
  56  9:27  Charge  
  56  9:30  Pylon  
  56  9:40  Protoss Ground Armor Level 1, Protoss Ground Weapons Level 1, Probe x2  
  56  9:42  Zealot x2  
  62  9:59  Gateway  
  62  10:02  Extended Thermal Lance  
  62  10:09  Colossus  
  62  10:12  Gateway  
  68  10:21  Pylon  
  68  10:32  Adept x3  
  74  10:46  Probe x2  
  76  10:51  Assimilator  
  76  10:53  Colossus  
  76  10:58  Probe  
  76  10:59  Robotics Facility  
  79  11:12  Blink  
  79  11:15  Probe x2  
  79  11:27  Probe x2  
  81  11:38  Pylon  
  81  11:40  Pylon  
  81  11:41  Pylon  
  81  11:48  Colossus  
  81  11:52  Colossus  
  93  11:58  Zealot x4  
  93  11:59  Zealot x3  
  107  12:10  Assimilator  
  107  12:17  Probe x2  
  109  12:24  Gateway  
  109  12:25  Gateway  
  109  12:26  Gateway  
  109  12:28  Gateway  
  109  12:38  Probe x2  
  109  12:42  Warp Prism  
  113  12:48  Zealot  
  113  12:49  Zealot  
  105  13:13  Pylon  
  105  13:15  Pylon  
  105  13:17  Pylon  
Show
View Real Time Build Order
Export as new Build Order

SiRImpacts Zerg 

Build Orders: Pool First 

Get SALT Encoding   

  12  0:07  Drone  
  13  0:13  Overlord  
  13  0:22  Overlord  
  13  0:32  Drone x2  
  15  0:49  Spawning Pool  
  14  0:57  Overlord  
  14  1:36  Zergling x2  
  14  1:37  Roach Warren, Zergling x4, Queen  
  18  2:02  Zergling x2  
  18  2:03  Zergling x2  
  18  2:06  Extractor  
  19  2:13  Queen  
  21  2:25  Zergling x4  
  22  3:03  Zergling x6  
  22  3:04  Zergling x4  
  25  3:15  Roach  
  25  3:52  Drone x2  
  25  3:53  Drone x2  
  29  4:02  Roach x2  
  33  4:07  Roach  
  35  4:14  Lair  
  34  4:26  Metabolic Boost  
  30  4:38  Zergling x2  
  30  4:39  Zergling x6  
  32  4:57  Extractor  
  31  5:15  Roach x2  
  31  5:16  Roach  
  31  5:18  Overlord x2  
  37  5:23  Overlord  
  37  5:31  Overlord  
  36  5:57  Hydralisk Den  
  34  6:21  Overlord, Drone  
  35  6:40  Hydralisk  
  35  6:41  Hydralisk x3  
  43  6:51  Hydralisk  
  45  7:16  Hydralisk  
  47  7:40  Roach x3  
  51  7:53  Drone  
  51  7:55  Drone  
  44  8:32  Zergling x10  
  45  8:43  Hydralisk  
  45  9:01  Roach x2  
  39  9:26  Drone x4  
  43  9:51  Overlord  
  43  9:52  Overlord  
  43  10:09  Overlord  
  43  10:10  Overlord  
  43  10:34  Hatchery  
  42  11:05  Roach x5  
  42  11:06  Roach  
  54  11:12  Roach  
  56  11:33  Roach x2  
  56  11:34  Roach  
  56  11:36  Ravager x3  
  65  11:51  Drone  
  66  12:24  Hydralisk x2  
  66  12:25  Hydralisk x3  
  76  12:39  Drone x2  
  76  12:40  Drone  
  79  12:53  Hydralisk x2  
  79  12:56  Hydralisk  
  85  13:01  Drone  
Tags
 
Add a new tag
Caveats
  • Supply blocks, unpowered buildings, or Contaminate may cause inaccurate times.
  • Supply counts are checked every 10 seconds.